 Dungeon Crawl Stone Soup version 0.28-a0-1412-gf95308ed99 (webtiles) character file.

Game seed: 7785625532090123211

2232 voltaire321 the Covert (level 9, 0/46 HPs)
             Began as a Spriggan Brigand on Jan 7, 2022.
             Was a Follower of Nemelex Xobeh.
             Killed from afar by an acid dragon (23 damage)
             ... with a splash of acid
             ... on level 8 of the Dungeon.
             The game lasted 00:34:55 (10861 turns).

voltaire321 the Covert (Spriggan Brigand)          Turns: 10861, Time: 00:34:56

Health: 0/46       AC: -1    Str: 11    XL:     9   Next: 14%
Magic:  15/15      EV: 22    Int: 17    God:    Nemelex Xobeh [*.....]
Gold:   300        SH:  5    Dex: 22    Spells: 11/15 levels left

rFire   . . .      SeeInvis +   a - +2 dagger
rCold   . . .      Faith    .   (no shield)
rNeg    . . .      Spirit   .   b - +0 robe
rPois   .          Reflect  +   (helmet restricted)
rElec   .          Harm     .   c - +0 cloak
rCorr   .          Rampage  .   (gloves unavailable)
Will    +....                   (boots unavailable)
Stlth   +++++.....              m - amulet of Day {Reflect Str+4 SH+5}
HPRegen 0.15/turn               e - +6 ring of dexterity
MPRegen 0.14/turn               (no ring)

@: about to teleport, corroded, very quick
A: very small, no large weapons, unfitting armour, see invisible, speed 3
a: Renounce Religion, Draw Escape, Draw Destruction, Draw Summoning


You were on level 8 of the Dungeon.
You worshipped Nemelex Xobeh.
Nemelex Xobeh was aware of your devotion.
You visited 2 branches of the dungeon, and saw 9 of its levels.

You collected 300 gold pieces.

Inventory:

Hand Weapons
 a - a +2 dagger (weapon)
 u - the +6 mace of Koocurch {venom, Dex+7}
   (You found it on level 6 of the Dungeon)

   It poisons the flesh of those it strikes.
   Dex:       It affects your dexterity (+7).
Missiles
 d - 21 poisoned darts (quivered)
 v - 2 atropa-tipped darts
Armour
 b - a +0 robe (worn)
 c - a +0 cloak (worn)
Magical Staves
 n - a staff of cold
Jewellery
 e - a +6 ring of dexterity (left hand)
 m - the amulet of Day (around neck) {Reflect Str+4 SH+5}
   (You found it on level 2 of the Dungeon)

   [amulet of reflection]

   It reflects blocked missile attacks.
   Str:       It affects your strength (+4).
   SH:        It affects your SH (+5).
 x - an amulet of guardian spirit
Wands
 h - a wand of mindburst (18)
 l - a wand of flame (14)
 y - a wand of digging (7)
 z - a wand of iceblast (10)
Scrolls
 f - 4 scrolls of fog
 q - a scroll of fear
 w - a scroll of blinking {unknown}
Potions
 g - 5 potions of curing
 i - 3 potions of attraction {unknown}
 j - 2 potions of heal wounds {unknown}
 k - 3 potions of might {unknown}
 p - a potion of ambrosia {unknown}
 r - a potion of haste {unknown}
 s - 3 potions of magic {unknown}
 t - a potion of flight {unknown}


   Skills:
 + Level 4.3 Fighting
 + Level 5.9 Short Blades
 + Level 5.2 Throwing
 + Level 6.4 Dodging
 + Level 9.8 Stealth
 + Level 3.8 Spellcasting
 + Level 3.6 Hexes
 + Level 0.0 Invocations


You had 11 spell levels left.
You knew the following spells:

 Your Spells              Type           Power      Damage    Failure   Level
a - Cause Fear            Hex            7%         N/A       34%         4

Your spell library contained the following spells:

 Spells                   Type           Power      Damage    Failure   Level
 Tukima's Dance           Hex            15%        N/A       11%         3
 Sandblast                Erth           6%         2d5       16%         1
 Inner Flame              Hex/Fire       9%         N/A       22%         3
 Passwall                 Tmut/Erth      2%         N/A       24%         2
 Ignite Poison            Fire/Tmut/Pois 3%         N/A       43%         3
 Mephitic Cloud           Conj/Pois/Air  3%         N/A       43%         3
 Stone Arrow              Conj/Erth      6%         3d7       43%         3
 Passage of Golubria      Tloc           3%         N/A       85%         4
 Yara's Violent Unravell  Hex/Tmut       4%         3d4       91%         5
 Freezing Cloud           Conj/Ice/Air   1%         6-21      99%         5
 Discord                  Hex            7%         N/A       100%        8


Dungeon Overview and Level Annotations

Branches:
Dungeon (8/15)             Temple (1/1) D:5
   Lair: D:8-11

Altars:
Ashenzari
Cheibriados
Dithmenos
Elyvilon
Fedhas
Gozag
Hepliaklqana
Kikubaaqudgha
Makhleb
Nemelex Xobeh
Okawaru
Ru
Sif Muna
Trog
Uskayaw
Vehumet
Wu Jian
Xom
Yredelemnul
Zin

Shops:
D:1 (

Annotations:
D:3 Grinder
D:4 2 transporters


Innate Abilities, Weirdness & Mutations

You are very small and have problems with some larger weapons.
You are too small for most types of armour.
You have supernaturally acute eyesight. (SInv)
You cover ground extremely quickly. (Speed+++)


Message History

* * * LOW HITPOINT WARNING * * *
The orc priest freezes you.
* * * LOW HITPOINT WARNING * * *
You hit the orc priest but do no damage.
The orc priest is severely wounded.
You hit the orc priest but do no damage.
The orc priest is almost dead.
The orc priest completely misses you.
Aiming: Mindburst
Press: ? - help, Shift-Dir - straight line, f/p - orc priest
Aim: an orc priest, wielding a +3 whip of freezing and wearing a +0 chain mail (almost dead, poisoned, chance to affect: 64%)
The orc priest struggles to resist.
The orc priest closely misses you.
Aiming: Mindburst
Press: ? - help, Shift-Dir - straight line, f/p - orc priest
Aim: an orc priest, wielding a +3 whip of freezing and wearing a +0 chain mail (almost dead, poisoned, chance to affect: 64%)
The orc priest's mind is blasted!!
You blow up the orc priest!
d - 18 poisoned darts (gained 3)
Things that are here:
a +3 whip of freezing; a +0 chain mail; a +0 hand axe You start resting.
HP restored.
d - 20 poisoned darts (gained 2)
d - 21 poisoned darts (gained 1)
You see here 13 arrows.
Items here: ))) [.
There is an escape hatch in the floor here.
You slide downwards.
The hatch slams shut behind you.
You hit the acid dragon but do no damage.
The acid dragon spits acid at you. The splash of acid hits you!!
The acid corrodes you!
You hear a shout!
As you read the scroll of teleportation, it crumbles to dust.
You feel strangely unstable. The acid dragon barely misses you.
The acid dragon claws you. The acid dragon spits acid at you.
The splash of acid hits you!!
Ouch! That really hurt!
You die...
Your body glows slightly and disappears.

...( ... .. #.
##.#########.#
.#..((......#
#D###(#######
#.# #(# #@#
#.# ##.###.#
#...##D#
#......#<#
###....#.#
##.######
#.##...##
###⌠.>.⌠##
#.......#


You could see an acid dragon (catching breath).

Vanquished Creatures
  Sigmund (D:6)
  Edmund (D:5)
  A water moccasin (D:7)
  A black bear (D:5)
  A necrophage (D:6)
  3 ice beasts (D:7)
  3 ogres
  A kobold brigand (D:7)
  A bullfrog (D:7)
  2 scorpions
  A bullfrog zombie (D:6)
  A bullfrog skeleton (D:6)
  A gnoll shaman (D:5)
  2 hounds
  2 jellies
  3 orc priests
  4 iguanas
  Natasha (thrice) (D:2)
  3 orc wizards
  A hound zombie (D:5)
  2 howler monkey zombies
  6 gnolls
  9 adders
  A white imp (D:4)
  2 worms
  3 dart slugs
  34 orcs
  9 endoplasms
  A giant cockroach (D:1)
  4 goblins
  9 hobgoblins
  6 jackals
  6 quokkas
  8 ball pythons
  5 bats
  11 kobolds
  4 rats (D:1)
156 creatures vanquished.

Notes
Turn   | Place    | Note
-------+----------+-------------------------------------------
     0 | D:1      | voltaire321 the Spriggan Brigand began the quest for the
                  | Orb.
     0 | D:1      | Reached XP level 1. HP: 10/10 MP: 2/2
   191 | D:1      | Reached skill level 6 in Stealth
   191 | D:1      | Reached XP level 2. HP: 15/15 MP: 3/3
   291 | D:1      | Found Xuniant's Weapon Shoppe.
   424 | D:1      | Found a faded altar of an unknown god.
  1320 | D:1      | Reached XP level 3. HP: 10/18 MP: 4/4
  1901 | D:2      | Identified the amulet of Day {Reflect Str+4 SH+5}
  2118 | D:2      | Reached XP level 4. HP: 23/23 MP: 5/5
  2515 | D:2      | Noticed Natasha
  2527 | D:2      | Killed Natasha
  2528 | D:2      | Reached XP level 5. HP: 27/27 MP: 6/6
  2586 | D:2      | Noticed Natasha
  2595 | D:2      | Killed Natasha
  3083 | D:2      | Noticed Natasha
  3096 | D:2      | Killed Natasha
  3351 | D:3      | Reached skill level 7 in Stealth
  3425 | D:3      | Noticed Grinder
  4287 | D:3      | Reached XP level 6. HP: 25/32 MP: 7/7
  5958 | D:4      | Reached XP level 7. HP: 35/36 MP: 8/8
  6006 | D:4      | Found a transporter.
  6024 | D:4      | Found a transporter.
  6573 | D:5      | Entered Level 5 of the Dungeon
  6578 | D:5      | Noticed Edmund
  6659 | D:5      | Killed Edmund
  6660 | D:5      | Reached skill level 8 in Stealth
  6800 | D:5      | Learned a level 4 spell: Cause Fear
  6980 | D:5      | Reached skill level 5 in Dodging
  7179 | D:5      | Reached skill level 1 in Spellcasting
  7179 | D:5      | Reached skill level 1 in Hexes
  7210 | D:5      | Found a staircase to the Ecumenical Temple.
  7259 | D:5      | You fall into a shaft and drop 2 floors!
  7338 | D:6      | Identified the +6 mace of Koocurch {venom, Dex+7}
  7393 | D:6      | Reached XP level 8. HP: 10/41 MP: 11/11
  7660 | D:6      | Found a glowing silver altar of Zin.
  7660 | D:6      | Found a shadowy altar of Dithmenos.
  7660 | D:6      | Found a burning altar of Makhleb.
  7662 | D:6      | Found a radiant altar of Vehumet.
  7662 | D:6      | Noticed Sigmund
  7688 | D:6      | Killed Sigmund
  7689 | D:6      | Reached skill level 5 in Short Blades
  7714 | D:6      | Found an opulent altar of Gozag.
  7714 | D:6      | Found a basalt altar of Yredelemnul.
  7715 | D:6      | Found a shimmering altar of Xom.
  7917 | Temple   | Entered the Ecumenical Temple
  7954 | Temple   | Became a worshipper of Nemelex Xobeh the Trickster
  8188 | D:6      | Reached skill level 9 in Stealth
  9206 | D:7      | Reached * piety under Nemelex Xobeh
  9307 | D:7      | Reached skill level 5 in Throwing
  9530 | D:7      | Received a gift from Nemelex Xobeh
  9570 | D:7      | Reached XP level 9. HP: 20/45 MP: 15/15
 10861 | D:8      | Killed from afar by an acid dragon

Illustrated notes

Levels and vault maps discovered:
D:1:      noname_arrival_rooms_in_the_neighbourhood, layout_loops_ring,
          serial_shops, nicolae_shop_bloodbath_and_beyond,
          shapermc_ecumenical_altar_totnotflames, minmay_misc_feat_more_columns,
          grunt_decor_resistance
D:2:      layout_rooms, uniq_natasha
D:3:      layout_rooms, minmay_misc_feat_nine_boxes, uniq_grinder
D:4:      gammafunk_steamed_eel, layout_basic
D:5:      layout_rooms, temple_fountains, nicolae_elevator_lobby_asterisk,
          uniq_edmund
D:6:      layout_basic, grunt_temple_overflow_open, uniq_sigmund
D:7:      layout_rooms
D:8:      layout_loops_ring, gammafunk_ghost_stat_death, grunt_ministairs_7
Temple:   cyrus_circular_temple

Skill      XL: |  1  2  3  4  5  6  7  8 |
---------------+-------------------------+-----
Stealth        | 6 7 8 9 |  9.8
Dodging        | 2 3 4 5 6 |  6.4
Fighting       | 2 3 4 |  4.3
Short Blades   | 3 4 5 |  5.9
Throwing       | 3 4 5 |  5.2
Spellcasting   | 1 3 |  3.8
Hexes          | 1 3 |  3.6

Action                   |  1- 3 |  4- 6 |  7- 9 || total
-------------------------+-------+-------+-------++-------
Melee: Dagger            |    75 |   132 |   269 ||   476
       Punch             |     1 |     2 |     7 ||    10
Throw: Dart              |    88 |   180 |   224 ||   492
Evoke: Wand              |       |       |     2 ||     2
  Use: Scroll            |     3 |     4 |     2 ||     9
 Stab: Sleeping          |     2 |     1 |       ||     3
Armor: Robe              |    12 |     4 |     5 ||    21
Dodge: Dodged            |    52 |   101 |   153 ||   306
Block: Other             |     1 |    25 |    38 ||    64
       Reflection        |       |     1 |     3 ||     4

Table legend: (Time is in decaauts)
 A = Elapsed time spent in this place.
 B = Non-inter-level travel time spent in this place.
 C = Inter-level travel time spent in this place.
 D = Time resting spent in this place.
 E = Time spent auto-exploring this place.
 F = Levels seen in this place.
 G = Mean time per level.
                   A        B        C        D        E       F      G
               +--------+--------+--------+--------+--------+-----+--------+
         Total |   8315 |   8053 |    262 |   2915 |   2530 |   9 |  923.9 |
       Dungeon |   8283 |   8021 |    262 |   2915 |   2510 |   8 | 1035.4 |
        Temple |     32 |     32 |      0 |      0 |     19 |   1 |   32.0 |
               +--------+--------+--------+--------+--------+-----+--------+

Top non-repeatable levels by time:
     D:2: 1968 daAuts
     D:7: 1380 daAuts
     D:1: 1256 daAuts
     D:4: 1226 daAuts
     D:6: 1187 daAuts
     D:3: 622 daAuts
     D:5: 607 daAuts
     D:8: 33 daAuts
  Temple: 32 daAuts
